Map: Void Thrashing

Players

Yuriprime

  • Race: Zerg Zerg
  • Spawn Location: 9:00

ViS

  • Race: Zerg Zerg

VOD

Have the link to the VOD?

Description

Time

  • Played on: March 3, 2018, 10:04 p.m.
  • Length: 9:59
Show
View Real Time Build Order
Export as new Build Order

Yuriprime Zerg 

Build Orders:  

Get SALT Encoding   

  12  0:03  Drone  
  13  0:20  Overlord  
  13  0:25  Drone  
  14  0:46  Drone x3  
  17  0:51  Drone  
  17  0:55  Extractor  
  17  0:56  Drone  
  18  1:02  Drone  
  18  1:06  Extractor  
  18  1:10  Drone  
  19  1:30  Roach Warren  
  19  1:34  Drone  
  19  1:39  Drone  
  20  2:03  Lair  
  20  2:12  Overlord  
  20  2:14  Drone  
  21  2:42  Drone  
  21  2:44  Spire  
  21  2:50  Drone  
  21  2:53  Drone  
  23  3:05  Overlord  
  23  3:18  Mutalisk  
  25  3:26  Overlord  
  25  3:36  Mutalisk  
  27  3:46  Roach  
  29  3:51  Mutalisk  
  29  4:01  Mutalisk  
  29  4:03  Mutalisk  
  29  4:05  Roach  
  33  4:12  Roach  
  33  4:16  Drone  
  33  4:19  Leviathan  
  36  4:29  Leviathan  
  36  4:43  Mutalisk  
  36  4:54  Overlord  
  36  4:55  Drone x5  
  36  4:56  Drone  
  42  5:11  Leviathan  
  42  5:26  Roach  
  42  5:48  Brutalisk  
  42  5:57  Roach  
  42  6:19  Brutalisk  
  42  6:26  Roach  
  42  6:48  Brutalisk  
  42  7:48  Spine Crawler  
  42  7:49  Spine Crawler x2  
  39  7:50  Spine Crawler  
  39  7:54  Spine Crawler  
  39  7:55  Spine Crawler x2  
  39  7:56  Spine Crawler x2  
  39  7:57  Spine Crawler  
  32  8:00  Spine Crawler  
  31  8:52  Spine Crawler  
  31  8:53  Spine Crawler  
  31  8:56  Spine Crawler  
  31  8:57  Spine Crawler  
Show
View Real Time Build Order
Export as new Build Order

ViS Zerg 

Build Orders:  

Get SALT Encoding   

  18  0:04  Primal Drone  
  19  0:13  Primal Drone  
  20  0:21  Primal Drone  
  21  0:31  Extractor  
  21  0:55  Primal Warden  
  21  0:59  Primal Drone  
  23  1:06  Primal Drone  
  24  1:12  Primal Drone  
  25  1:22  Primal Drone  
  26  1:41  Primal Drone x2  
  26  1:47  Extractor  
  28  2:10  Primal Drone  
  28  2:14  Glevig's Den  
  28  2:35  Primal Drone x2  
  30  2:44  Primal Drone  
  31  3:10  Primal Warden  
  31  3:31  Primal Drone  
  31  3:32  Primal Drone x2  
  34  3:48  Primal Drone  
  35  3:51  Murvar's Den  
  35  3:52  Primal Attacks Level 1  
  35  3:55  Primal Wurm  
  35  4:21  Primal Drone x2  
  35  4:27  Primal Wurm  
  38  4:34  Primal Drone  
  39  5:11  Primal Drone x2  
  41  5:41  Primal Drone x2  
  43  6:04  Primal Drone  
  44  6:26  Primal Drone x2  
  44  6:27  Primal Swarm Host x4  
  44  6:28  Primal Swarm Host  
  61  6:38  Dakrun's Den  
  60  7:13  Primal Swarm Host  
  60  7:14  Primal Swarm Host  
  66  7:32  Primal Drone x3  
  66  7:33  Primal Drone  
  74  7:52  Primal Wurm  
  74  7:53  Primal Wurm  
  74  7:54  Primal Wurm  
  73  8:08  Primal Swarm Host x3  
  82  8:10  Primal Drone x2  
  82  8:18  Primal Wurm  
  85  9:26  Primal Swarm Host  
  85  9:27  Primal Swarm Host x3  
Tags
 
Add a new tag
Caveats
  • Supply blocks, unpowered buildings, or Contaminate may cause inaccurate times.
  • Supply counts are checked every 10 seconds.